 Dungeon Crawl Stone Soup version 0.21.0 (webtiles) character file.

198 DingoDongler the Skirmisher (level 5, -1/47 HPs)
             Began as a Gnoll Wanderer on Aug 10, 2018.
             Was a Priest of Zin.
             Slain by Pikel
             ... wielding a +1 whip of freezing
              (6 damage)
             ... on level 4 of the Dungeon.
             The game lasted 00:20:40 (3638 turns).

DingoDongler the Skirmisher (Gnoll Wanderer)        Turns: 3638, Time: 00:20:41

Health: -1/47      AC:  6    Str: 16    XL:     5   Next: 76%
Magic:  7/7        EV:  5    Int: 16    God:    Zin [***...]
Gold:   194        SH:  9    Dex: 15    Spells: 7/7 levels left

rFire    . . .     SeeInvis .   n - +3 spear
rCold    . . .     Gourm    .   a - +0 shield
rNeg     . . .     Faith    .   k - +0 chain mail
rPois    .         Spirit   .   (no helmet)
rElec    .         Reflect  .   (no cloak)
rCorr    .         Harm     .   (no gloves)
MR       .....                  (no boots)
Stlth    ..........             (no amulet)
HPRegen  0.15/turn              o - +3 ring of intelligence
MPRegen  0.10/turn              i - -2 ring of protection

@: no status effects
A: distributed training, fangs 1, strong nose
a: Recite, Vitalisation, Imprison, Donate Gold, Renounce Religion


You were on level 4 of the Dungeon.
You worshipped Zin.
Zin was most pleased with you.
You were hungry.

You visited 1 branch of the dungeon, and saw 4 of its levels.

You collected 215 gold pieces.
You donated 21 gold pieces to Zin.

Inventory:

Hand Weapons
 e - a +0 dagger
 g - a +0 spear
 n - a +3 spear (weapon)
Armour
 a - a +0 shield (worn)
 d - a +0 robe
 k - a +0 chain mail (worn)
Jewellery
 i - a -2 ring of protection (right hand)
 o - a +3 ring of intelligence (left hand)
Scrolls
 j - 4 scrolls of identify
 r - a scroll of remove curse
 u - a scroll of teleportation
Potions
 h - 4 potions of curing
 l - a potion of haste {unknown}
 q - a potion of magic {unknown}
 s - a potion of might {unknown}
Books
 b - the Volume of Companions

   Spells                             Type                      Level
   a - Summon Small Mammal            Summoning                    1
   b - Summon Guardian Golem          Hexes/Summoning              3
 c - the Tome of Conjuration

   Spells                             Type                      Level
   a - Sting                          Conjuration/Poison           1
   b - Conjure Flame                  Conjuration/Fire             3
 p - a book of Cantrips

   Spells                             Type                      Level
   a - Confusing Touch                Hexes                        1
   b - Animate Skeleton               Necromancy                   1
   c - Summon Small Mammal            Summoning                    1
   d - Apportation                    Translocation                1
Comestibles
 f - 7 rations
 m - 9 chunks of flesh


   Skills:
 + Level 6.7 Fighting
 + Level 1.6 Short Blades
 + Level 1.6 Long Blades
 + Level 1.6 Axes
 + Level 1.6 Maces & Flails
 + Level 4.8 Polearms
 + Level 1.6 Staves
 + Level 1.6 Slings
 + Level 1.6 Bows
 + Level 1.6 Crossbows
 + Level 1.6 Throwing
 + Level 1.6 Armour
 + Level 1.6 Dodging
 + Level 2.8 Stealth
 + Level 3.0 Shields
 + Level 1.6 Unarmed Combat
 + Level 1.6 Spellcasting
 + Level 4.0 Conjurations
 + Level 1.2 Hexes
 + Level 1.2 Charms
 + Level 1.2 Summonings
 + Level 1.2 Necromancy
 + Level 1.2 Translocations
 + Level 2.4 Transmutations
 + Level 1.2 Fire Magic
 + Level 1.2 Ice Magic
 + Level 1.2 Air Magic
 + Level 1.2 Earth Magic
 + Level 1.2 Poison Magic
 + Level 1.8 Invocations
 + Level 1.6 Evocations


You had 7 spell levels left.
You didn't know any spells.

Dungeon Overview and Level Annotations

Branches:
Dungeon (4/15)
 Temple: D:4-7

Altars:
Dithmenos
Trog
Zin

Shops:
D:3 *

Annotations:
D:4 Pikel


Innate Abilities, Weirdness & Mutations

Your experience applies equally to all skills.
You have very sharp teeth.
Your uncanny sense of smell can sniff out nearby items.


Message History

You block Pikel's attack. Pikel hits you with a whip of freezing.
Pikel freezes you.
* * * LOW HITPOINT WARNING * * *
As you read the scroll labeled UNKELI DIFAOSM, it crumbles to dust.
You feel as if something is helping you.
It was a scroll of remove curse.
Pikel barely misses you.
You hit Pikel but do no damage.
Pikel is lightly wounded.
Pikel hits you but does no damage.
You closely miss Pikel. Your bite misses Pikel.
Pikel is lightly wounded.
You block Pikel's attack.
You hit Pikel but do no damage. Your bite misses Pikel.
Pikel is lightly wounded.
Pikel hits you with a whip of freezing!
* * * LOW HITPOINT WARNING * * *
Pikel freezes you.
* * * LOW HITPOINT WARNING * * *
Pikel hits you with a whip of freezing.
You die...

....# #.........##########.#
....# #.....###.#..........#
....###.........#.#######..#
..........#....p#.#######..#
....#####.#...#p#.#........#
...<......#.#.#p#.#.######.#
.....####.#.#.#p#.#.# #.#
#'##.# #.#.#.#K#.#.# #.#
#.##.# #.#.#.#.@.#.# #.##
#.##.# #.#.#.#####.######..#
#.##.# #.#.#...............#
#.##.. #.#.#......#######..#
#.#... .#.#.###..#.#.#.#..#
#.#.#. #.#<.....#^#^#^#..#
#.#.# #.#.#..#########..#
#.#.# #.#....#[+^....'..#
#.#.# .#.####.#########.##


You could see Pikel and 4 slaves.

Vanquished Creatures
  A howler monkey (D:4)
  A worker ant (D:4)
  A gnoll (D:1)
  5 adders
  An ooze (D:3)
  2 worms
  4 dart slugs
  2 leopard geckos (D:3)
  A ball python (D:2)
  3 giant cockroaches
  3 goblins
  9 hobgoblins
  4 jackals (D:4)
  7 kobolds
  5 bats
  4 frilled lizards
  13 rats
66 creatures vanquished.

Notes
Turn   | Place    | Note
-------+----------+-------------------------------------------
     0 | D:1      | DingoDongler the Gnoll Wanderer began the quest for the Orb.
     0 | D:1      | DingoDongler set off with: a +0 shield, the Volume of Companions, the Tome of Conjuration, a +0 robe, a +0 dagger, a ration
     0 | D:1      | Reached XP level 1. HP: 23/23 MP: 1/1
   625 | D:1      | Reached XP level 2. HP: 28/29 MP: 2/2
   890 | D:1      | Reached XP level 3. HP: 17/35 MP: 3/3
  1058 | D:1      | You fall through a shaft!
  1152 | D:2      | Found a shadowy altar of Dithmenos.
  1159 | D:2      | Reached skill level 1 in Invocations
  1250 | D:2      | Reached skill level 1 in Short Blades
  1250 | D:2      | Reached skill level 1 in Long Blades
  1250 | D:2      | Reached skill level 1 in Axes
  1250 | D:2      | Reached skill level 1 in Maces & Flails
  1250 | D:2      | Reached skill level 1 in Staves
  1250 | D:2      | Reached skill level 1 in Slings
  1250 | D:2      | Reached skill level 1 in Bows
  1250 | D:2      | Reached skill level 1 in Crossbows
  1250 | D:2      | Reached skill level 1 in Throwing
  1250 | D:2      | Reached skill level 1 in Armour
  1250 | D:2      | Reached skill level 1 in Dodging
  1250 | D:2      | Reached skill level 1 in Unarmed Combat
  1250 | D:2      | Reached skill level 1 in Spellcasting
  1250 | D:2      | Reached skill level 1 in Evocations
  1264 | D:2      | HP: 1/35 [poisoned by an adder]
  1603 | D:2      | Reached XP level 4. HP: 41/41 MP: 5/5
  1751 | D:2      | Noticed a moth of wrath
  1754 | D:2      | Found a bloodstained altar of Trog.
  2275 | D:2      | Found a faded altar of an unknown god.
  2277 | D:2      | Became a worshipper of Zin the Law-Giver
  2277 | D:2      | Reached * piety under Zin
  2277 | D:2      | Reached ** piety under Zin
  2408 | D:3      | Reached skill level 1 in Hexes
  2408 | D:3      | Reached skill level 1 in Charms
  2408 | D:3      | Reached skill level 1 in Summonings
  2408 | D:3      | Reached skill level 1 in Necromancy
  2408 | D:3      | Reached skill level 1 in Translocations
  2408 | D:3      | Reached skill level 1 in Fire Magic
  2408 | D:3      | Reached skill level 1 in Ice Magic
  2408 | D:3      | Reached skill level 1 in Air Magic
  2408 | D:3      | Reached skill level 1 in Earth Magic
  2408 | D:3      | Reached skill level 1 in Poison Magic
  2532 | D:3      | Found Zin's Purification Station.
  2537 | D:3      | Found a glowing silver altar of Zin.
  2666 | D:3      | Reached XP level 5. HP: 44/47 MP: 6/6
  3076 | D:3      | Reached *** piety under Zin
  3570 | D:4      | Noticed Pikel
  3573 | D:4      | Noticed a slave
  3574 | D:4      | Noticed a slave
  3578 | D:4      | Noticed a slave
  3578 | D:4      | Noticed a slave
  3638 | D:4      | Slain by Pikel

Skill      XL: |  1  2  3  4  5 |
---------------+----------------+-----
Transmutations | 2 |  2.4
Invocations    | 1 |  1.8
Short Blades   | 1 |  1.6
Long Blades    | 1 |  1.6
Axes           | 1 |  1.6
Maces & Flails | 1 |  1.6
Staves         | 1 |  1.6
Slings         | 1 |  1.6
Bows           | 1 |  1.6
Crossbows      | 1 |  1.6
Throwing       | 1 |  1.6
Armour         | 1 |  1.6
Dodging        | 1 |  1.6
Unarmed Combat | 1 |  1.6
Spellcasting   | 1 |  1.6
Evocations     | 1 |  1.6
Hexes          | 1 |  1.2
Charms         | 1 |  1.2
Summonings     | 1 |  1.2
Necromancy     | 1 |  1.2
Translocations | 1 |  1.2
Fire Magic     | 1 |  1.2
Ice Magic      | 1 |  1.2
Air Magic      | 1 |  1.2
Earth Magic    | 1 |  1.2
Poison Magic   | 1 |  1.2
Shields        | 3 |  3.0
Conjurations   | 4 |  4.0
Fighting       | |  6.7
Polearms       | |  4.8
Stealth        | |  2.8

Action                   |  1- 3 |  4- 6 || total
-------------------------+-------+-------++-------
Melee: Spear             |    95 |   149 ||   244
       Dagger            |    12 |       ||    12
       Bite              |    10 |    15 ||    25
  Use: Scroll            |     1 |     3 ||     4
       Potion            |     1 |       ||     1
  Eat: Chunk             |     2 |     6 ||     8
Armor: Chain mail        |    55 |    80 ||   135
Dodge: Dodged            |     9 |    14 ||    23
Block: Shield            |    49 |    74 ||   123
